 Dungeon Crawl Stone Soup version 0.31-a0-1388-g4b2ba238e7 (webtiles) character file.

Game seed: 15807358315430558560

9282 wildpjah the Carver (level 11, -6/81 HPs)
             Began as a Demonspawn Gladiator on Dec 24, 2023.
             Was a Priest of Qazlal.
             Mangled by a two-headed ogre
             ... wielding a +0 giant club
              (9 damage)
             ... on level 10 of the Dungeon.
             The game lasted 00:28:05 (8304 turns).

wildpjah the Carver (Demonspawn Gladiator)          Turns: 8304, Time: 00:28:05

Health: -6/81      AC:  9    Str: 20    XL:     11   Next: 21%
Magic:  20/20      EV: 18    Int: 11    God:    Qazlal [***...]
Gold:   290        SH:  9    Dex: 13    Spells: 15/23 levels left

rFire   . . .        o - +4 scimitar (freeze)
rCold   . . .        k - +0 buckler
rNeg    . . .        G - +1 leather armour of the Locust {rElec Regen+ Str+5 Dex-3}
rPois   .            c - +0 helmet
rElec   +            h - +2 cloak
rCorr   .            (gloves unavailable)
SInv    .            F - +0 pair of boots
Will    .....        r - amulet of magic regeneration
Stlth   +            g - +5 ring of evasion
HPRegen 1.13/turn    q - ring of flight
MPRegen 0.57/turn

%: no passive effects
@: on blink cooldown, flying, studying Spellcasting
A: demonic magic 2, demonic touch 3
a: Renounce Religion, Upheaval, Elemental Force


You were on level 10 of the Dungeon.
You worshipped Qazlal.
Qazlal was most pleased with you.
You visited 2 branches of the dungeon, and saw 11 of its levels.
You also visited: Bailey.

You collected 405 gold pieces.
You spent 115 gold pieces at shops.

Inventory:

Hand Weapons
 a - a +0 long sword
 m - a +3 great sword
 o - a +4 scimitar of freezing (weapon)
 t - a +4 dagger of freezing
 u - a +0 scimitar
 x - a +0 falchion
 I - a +3 falchion
 J - a +0 long sword of flaming
Armour
 b - a +0 leather armour
 c - a +0 helmet (worn)
 d - a +1 robe of positive energy
 h - a +2 cloak (worn)
 k - a +0 buckler (worn)
 y - a +0 leather armour of willpower
 D - an orb of mayhem
 F - a +0 pair of boots (worn)
 G - the +1 leather armour of the Locust (worn) {rElec Regen+ Str+5 Dex-3}
   (You found it on level 6 of the Dungeon)

   Str+5:     It affects your strength (+5).
   Dex-3:     It affects your dexterity (-3).
   rElec:     It insulates you from electricity.
   Regen+:    It increases your rate of health regeneration.
 H - +0 ice dragon scales
 K - +0 acid dragon scales
Jewellery
 g - a +5 ring of evasion (left hand)
 q - a ring of flight (right hand)
 r - an amulet of magic regeneration (around neck)
 w - a ring of protection from cold
Wands
 i - a wand of roots (11)
 C - a wand of digging (9)
 L - a wand of flame (5)
Scrolls
 e - 3 scrolls of enchant weapon
 l - 4 scrolls of fog
 v - 2 scrolls of teleportation
Potions
 f - 4 potions of invisibility {unknown}
 j - a potion of lignification
 n - 4 potions of attraction
 p - 3 potions of curing
 z - 3 potions of resistance
 A - a potion of enlightenment
 E - 4 potions of heal wounds
 M - a potion of might {unknown}
 N - 2 potions of haste {unknown}
 O - 4 potions of magic {unknown}
 P - a potion of cancellation {unknown}


   Skills:
 + Level 5.7 Fighting
 + Level 9.1 Long Blades
 + Level 1.8 Throwing
 + Level 3.3 Armour
 + Level 5.9 Dodging
 + Level 1.1 Stealth
 + Level 3.8 Shields
 + Level 6.5 Spellcasting
 + Level 5.5 Translocations
 * Level 8.7 Invocations
 + Level 1.0 Evocations


You had 15 spell levels left.
You knew the following spells:

 Your Spells              Type           Power      Damage    Failure   Level
a - Blink                 Tloc           30%        N/A       4%          2
b - Lesser Beckoning      Tloc           30%        N/A       4%          2
c - Passage of Golubria   Tloc           15%        N/A       26%         4

Your spell library contained the following spells:

 Spells                   Type           Power      Damage    Failure   Level
 Apportation              Tloc           30%        N/A       2%          1
 Momentum Strike          Conj/Tloc      18%        3d8       13%         2
 Necrotise                Necr           12%        1d4       26%         1
 Sting                    Conj/Alch      12%        1d3       26%         1
 Summon Small Mammal      Summ           12%        N/A       26%         1
 Ensorcelled Hibernation  Hex/Ice        6%         N/A       38%         2
 Sublimation of Blood     Necr           3%         N/A       38%         2
 Call Canine Familiar     Summ           3%         N/A       63%         3
 Fugue of the Fallen      Necr           3%         N/A       63%         3
 Inner Flame              Hex/Fire       3%         N/A       63%         3
 Sigil of Binding         Hex            3%         N/A       63%         3
 Dimensional Bullseye     Hex/Tloc       4%         N/A       65%         4
 Anguish                  Hex/Necr       1%         N/A       95%         4
 Petrify                  Alch/Erth      3%         N/A       95%         4
 Irradiate                Conj/Alch      1%         3d12      100%        5
 Silence                  Hex/Air        1%         N/A       100%        5
 Ignition                 Fire           1%         3d3       100%        8
 Lehudib's Crystal Spear  Conj/Erth      1%         10d2      100%        8


Dungeon Overview and Level Annotations

Branches:
Dungeon (10/15)            Temple (1/1) D:7             Orc (0/2) D:9
 Bailey (visited)
   Lair: D:8-11

Altars:
Ashenzari
Cheibriados
Dithmenos
Fedhas
Gozag
Hepliaklqana
Kikubaaqudgha
Makhleb
Nemelex Xobeh
Okawaru
Qazlal
Ru
Sif Muna
Trog
Uskayaw
Vehumet
Wu Jian
Xom
Yredelemnul

Shops:
D:4 [   D:9 [


Innate Abilities, Weirdness & Mutations

Spells you cast may paralyse nearby enemies.
Your touch may irresistibly damage your foes and sap their willpower.


Message History

The blast of ice hits the hornet!!
You kill the hornet!
Qazlal accepts your kill.
The storm surrounding you is now too weak to repel missiles.
You will no longer adapt resistances upon receiving elemental damage.
Aiming: Throw Flame
Press: ? - help, Q - select action, (/) - cycle Shift-Dir - straight line, f - two-headed ogre
Aim: a two-headed ogre, wielding a +0 giant club and a +0 giant spiked club (85% to hit)
The puff of flame misses the two-headed ogre.
Unknown command.
Your passage of Golubria closes with a snap!
Aiming: Throw Flame
Press: ? - help, Q - select action, (/) - cycle Shift-Dir - straight line, f/p - two-headed ogre
Aim: a two-headed ogre, wielding a +0 giant club and a +0 giant spiked club (85% to hit)
The puff of flame misses the two-headed ogre.
Aiming: Throw Flame
Press: ? - help, Q - select action, (/) - cycle Shift-Dir - straight line, f/p - two-headed ogre
Aim: a two-headed ogre, wielding a +0 giant club and a +0 giant spiked club (85% to hit)
The puff of flame hits the two-headed ogre.
The two-headed ogre is lightly wounded.
Aiming: Throw Flame
Press: ? - help, Q - select action, (/) - cycle Shift-Dir - straight line, f/p - two-headed ogre
Aim: a two-headed ogre, wielding a +0 giant club and a +0 giant spiked club (lightly wounded, 85% to hit)
The puff of flame hits the two-headed ogre.
The two-headed ogre is lightly wounded.
Casting: Blink (safe; 4% risk of failure)
Press: ? - help, Q - select action, (/) - cycle Dir - look around, f - activate You blink.
Malevolent energies surge around you.
You barely miss the two-headed ogre.
The two-headed ogre is lightly wounded.
The two-headed ogre is engulfed in freezing vapours.
The two-headed ogre hits you with a +0 giant club!!
* * * LOW HITPOINT WARNING * * *
The two-headed ogre hits you with a +0 giant spiked club!
* * * LOW HITPOINT WARNING * * *
You slash the two-headed ogre! You freeze the two-headed ogre.
The two-headed ogre is heavily wounded.
The two-headed ogre is engulfed in freezing vapours.
The two-headed ogre hits you with a +0 giant club!
You die...

###########################
...........................
....#####.................
. #..O............. #
#..@...........# .#
........○..........##..
...................O..O
...###########.....#+###
... ........)......# #
.......)∩).....#
........)......#
...............#
...............#


You could see a two-headed ogre.

Vanquished Creatures
  2 two-headed ogres
  Pikel (D:4)
  A cyclops (D:8)
  Jeremiah (D:6)
  Maggie (D:9)
  A hornet (D:10)
  Sigmund (D:3)
  A wyvern (D:9)
  13 yaks
  3 water moccasins
  Duvessa (D:4)
  4 orc warriors
  2 sky beasts
  2 ice beasts (D:5)
  3 black bears (D:5)
  A centaur (D:9)
  4 ogres
  3 kobold brigands
  A bullfrog (D:8)
  A gnoll sergeant (D:9)
  4 scorpions
  Dowan (D:4)
  12 wights
  4 killer bees (D:7)
  3 howler monkeys
  A crimson imp (D:3)
  3 bombardier beetles
  A lava snake (D:9)
  5 hounds
  A jelly (D:7)
  A gnoll bouda (D:8)
  4 orc priests
  2 iguanas
  Ijyb (D:4)
  8 orc wizards
  6 adders
  17 gnolls
  A shadow imp (D:6)
  2 ufetubi (D:7)
  A dart slug (D:1)
  52 orcs
  8 endoplasms
  5 giant cockroaches
  2 goblins
  5 hobgoblins
  10 kobolds
  2 quokkas
  7 ball pythons
  5 bats
  4 frilled lizards
  A goblin skeleton (D:3)
  3 hobgoblin zombies (D:3)
  A kobold skeleton (D:3)
  2 kobold zombies (D:3)
  2 orc zombies (D:3)
  4 rats
238 creatures vanquished.

Notes
Turn   | Place    | Note
-------+----------+-------------------------------------------
     0 | D:1      | wildpjah the Demonspawn Gladiator began the quest for the
                  | Orb.
     0 | D:1      | Reached XP level 1. HP: 16/16 MP: 1/1
   186 | D:1      | Gained mutation: Spells you cast may paralyse adjacent
                  | enemies. [demonic ancestry]
   186 | D:1      | Reached XP level 2. HP: 22/22 MP: 2/2
   319 | D:1      | You fall into a shaft and drop 1 floor!
   362 | D:2      | Reached skill level 3 in Long Blades
   749 | D:2      | Reached XP level 3. HP: 23/27 MP: 3/3
  1017 | D:3      | Reached XP level 4. HP: 33/33 MP: 4/4
  1176 | D:3      | Found a stormy altar of Qazlal.
  1176 | D:3      | Found a sacrificial altar of Ru.
  1177 | D:3      | Found a basalt altar of Yredelemnul.
  1203 | D:3      | Became a worshipper of Qazlal Stormbringer
  1458 | D:3      | Reached skill level 4 in Long Blades
  1476 | D:3      | Learned a level 2 spell: Blink
  1674 | D:3      | Gained mutation: Your touch may inflict minor irresistible
                  | damage on your foes. [demonic ancestry]
  1674 | D:3      | Reached XP level 5. HP: 39/39 MP: 5/5
  2006 | D:4      | Reached * piety under Qazlal
  2047 | D:4      | Noticed Duvessa
  2049 | D:4      | Noticed Dowan
  2102 | D:4      | Killed Duvessa
  2103 | D:4      | Reached skill level 1 in Armour
  2103 | D:4      | Reached skill level 1 in Invocations
  2103 | D:4      | Reached XP level 6. HP: 29/46 MP: 5/7
  2124 | D:4      | Killed Dowan
  2125 | D:4      | Reached skill level 1 in Spellcasting
  2125 | D:4      | Reached skill level 1 in Translocations
  2272 | D:4      | Noticed Pikel
  2279 | D:4      | Noticed Sigmund
  2319 | D:4      | Killed Pikel
  2320 | D:4      | Reached skill level 5 in Long Blades
  2320 | D:4      | Reached skill level 1 in Shields
  2320 | D:4      | Reached XP level 7. HP: 27/52 MP: 7/10
  2460 | D:3      | Killed Sigmund
  2910 | D:4      | Noticed Ijyb
  2926 | D:4      | Killed Ijyb
  2927 | D:4      | Reached XP level 8. HP: 25/58 MP: 11/11
  3046 | D:4      | Found Vootrem's Armour Emporium.
  3058 | D:4      | Bought a +1 cloak for 115 gold pieces
  3191 | D:5      | Entered Level 5 of the Dungeon
  3271 | D:5      | Found a broken altar of Ashenzari.
  3576 | D:5      | Found a sparkling altar of Nemelex Xobeh.
  3728 | D:5      | Reached skill level 6 in Long Blades
  3854 | D:5      | Reached skill level 5 in Invocations
  3968 | D:5      | Reached ** piety under Qazlal
  3990 | D:5      | Gained mutation: Your touch may inflict irresistible damage
                  | on your foes. [demonic ancestry]
  3990 | D:5      | Reached XP level 9. HP: 41/65 MP: 14/14
  4678 | D:6      | Noticed Jeremiah
  4705 | D:6      | Killed Jeremiah
  4706 | D:6      | Reached skill level 7 in Long Blades
  5207 | D:6      | Learned a level 2 spell: Lesser Beckoning
  5414 | D:6      | Identified the +1 leather armour of the Locust {rElec
                  | Regen+ Str+5 Dex-3}
  5778 | D:7      | Found a staircase to the Ecumenical Temple.
  5787 | Temple   | Entered the Ecumenical Temple
  5822 | D:7      | Reached skill level 5 in Fighting
  6035 | D:7      | Reached skill level 5 in Spellcasting
  6223 | D:8      | Noticed a two-headed ogre
  6229 | D:8      | Killed a two-headed ogre
  6230 | D:8      | Reached skill level 1 in Stealth
  6230 | D:8      | Gained mutation: Spells you cast may paralyse nearby
                  | enemies. [demonic ancestry]
  6230 | D:8      | Reached XP level 10. HP: 74/74 MP: 13/18
  6295 | D:8      | Reached skill level 8 in Long Blades
  6334 | D:8      | Found an ancient bone altar of Kikubaaqudgha.
  6442 | D:8      | Reached skill level 5 in Dodging
  6484 | D:8      | Noticed a cyclops
  6501 | D:8      | Reached skill level 5 in Translocations
  6525 | D:8      | Killed a cyclops
  6807 | D:8      | Learned a level 4 spell: Passage of Golubria
  6885 | D:9      | Reached *** piety under Qazlal
  6966 | D:9      | Noticed Maggie
  6984 | D:9      | Killed Maggie
  7142 | D:9      | Noticed a two-headed ogre
  7155 | D:9      | Killed a two-headed ogre
  7156 | D:9      | Gained mutation: Your touch may irresistibly damage your
                  | foes and sap their willpower. [demonic ancestry]
  7156 | D:9      | Reached XP level 11. HP: 80/80 MP: 20/20
  7200 | D:9      | Found Zatuam's Antique Armour Emporium.
  7207 | D:9      | Reached skill level 1 in Evocations
  7446 | D:9      | Reached skill level 9 in Long Blades
  7556 | D:9      | Found a staircase to the Orcish Mines.
  7865 | D:10     | Entered Level 10 of the Dungeon
  7867 | D:10     | Noticed a death yak
  7868 | D:10     | Noticed a death yak
  7928 | D:10     | Found a radiant altar of Vehumet.
  7935 | D:10     | Found a flagged portal.
  7944 | Bailey   | Entered a bailey
  8260 | Bailey   | Reached **** piety under Qazlal
  8281 | D:10     | Paralysed by a hornet for 3 turns
  8286 | D:10     | Noticed a two-headed ogre
  8303 | D:10     | HP: 2/81 [two-headed ogre/+0 giant club (8)]
  8304 | D:10     | Mangled by a two-headed ogre

Illustrated notes

Levels and vault maps discovered:
D:1:      dpeg_arrival_arbitrary_b, layout_basic, basic_ecumenical_altar
D:2:      layout_loops_ring, serial_bayou, serial_bayou_crossing,
          serial_bayou_pond_e, serial_bayou_lagoon_a, serial_bayou_pond_c
D:3:      layout_loops_cross, gammafunk_temple_overflow_claw,
          nicolae_tso_besieged_by_evil, grunt_ministairs_2, st_stairs_13
D:4:      layout_loops_ring, serial_shops, nicolae_shop_statue_plus,
          chequers_serial_rivers_small_a, uniq_sigmund, uniq_duvessa,
          uniq_pikel, uniq_ijyb
D:5:      black_bear_nest_1, layout_loops_ring, evilmike_ruin_ashenzari,
          nemelex_xobeh_ov_fountains_minmay, minmay_manual_mullet
D:6:      layout_basic, uniq_jeremiah
D:7:      layout_basic, minmay_temple_entry_mist, kennysheep_generic_room_15
D:8:      layout_rooms, mainiacjoe_overflow_cross_hatched
D:9:      layout_basic, hiddenorc1_lemuel, nicolae_inconvenience_store,
          grunt_ministairs_5, st_stairs_3, uniq_maggie
D:10:     layout_stronghold, vehumet_crystals, dpeg_lair_monsters,
          gammafunk_ghost_spectres, enter_bailey_2
Temple:   jpeg_temple_clearing

Skill      XL: |  1  2  3  4  5  6  7  8  9 10 11 |
---------------+----------------------------------+-----
Dodging        | 3 4 5 |  5.9
Long Blades    | 3 4 5 6 7 8 9 |  9.1
Armour         | 1 2 3 |  3.3
Invocations    | 1 2 3 5 6 8 |  8.7
Spellcasting   | 2 3 5 6 |  6.5
Translocations | 2 3 4 5 |  5.5
Fighting       | 3 4 5 |  5.7
Shields        | 1 2 3 |  3.8
Stealth        | 1 |  1.1
Evocations     | 1 |  1.0
Throwing       | |  1.8

Action                     |  1- 3 |  4- 6 |  7- 9 | 10-12 || total
---------------------------+-------+-------+-------+-------++-------
  Melee: Long sword        |    74 |    67 |       |       ||   141
         Scimitar          |       |    38 |   322 |   352 ||   712
         Falchion          |       |   155 |       |    29 ||   184
  Throw: Throwing net      |       |     3 |       |       ||     3
         Javelin           |       |     2 |       |       ||     2
   Cast: Blink             |       |       |     2 |    14 ||    16
         Passage of Golubr |       |       |       |     6 ||     6
         Lesser Beckoning  |       |       |       |     1 ||     1
 Invoke: Upheaval          |       |       |     3 |     2 ||     5
  Evoke: Wand              |       |       |     8 |     9 ||    17
    Use: Potion            |       |     5 |     1 |     1 ||     7
         Scroll            |       |       |    15 |     2 ||    17
   Stab: Paralysed         |       |       |       |     2 ||     2
 Armour: Leather armour    |    35 |   129 |   114 |   166 ||   444
         Skin              |       |    20 |       |       ||    20
  Dodge: Dodged            |    39 |   175 |   228 |   298 ||   740
  Block: Buckler           |    11 |    53 |    86 |   159 ||   309

Table legend: (Time is in decaauts)
 A = Elapsed time spent in this place.
 B = Non-inter-level travel time spent in this place.
 C = Inter-level travel time spent in this place.
 D = Time resting spent in this place.
 E = Time spent auto-exploring this place.
 F = Levels seen in this place.
 G = Mean time per level.
                   A        B        C        D        E       F      G
               +--------+--------+--------+--------+--------+-----+--------+
         Total |   8442 |   8243 |    199 |    117 |   5990 |  12 |  703.5 |
       Dungeon |   8122 |   7923 |    199 |    117 |   5808 |  10 |  812.2 |
        Temple |      1 |      1 |      0 |      0 |      0 |   1 |    1.0 |
        Bailey |    318 |    318 |      0 |      0 |    182 |   1 |  318.0 |
               +--------+--------+--------+--------+--------+-----+--------+

Top non-repeatable levels by time:
     D:5: 1235 daAuts
     D:4: 1144 daAuts
     D:3: 1107 daAuts
     D:6: 1105 daAuts
     D:9: 1104 daAuts
     D:7: 743 daAuts
     D:2: 715 daAuts
     D:8: 572 daAuts
     D:1: 324 daAuts
  Bailey: 318 daAuts
    D:10: 69 daAuts
  Temple: 1 daAuts
